 Dungeon Crawl Stone Soup version 0.19.0-11-g3fc08b3 (webtiles) character file.

25 Malachi the Caller (level 2, 0/19 HPs)
             Began as a Vampire Summoner on Nov 10, 2016.
             Succumbed to an adder's poison
             ... on level 2 of the Dungeon.
             The game lasted 00:02:38 (1803 turns).

Malachi the Caller (Vampire Summoner)               Turns: 1803, Time: 00:02:38

Health: 0/19       AC:  3    Str:  7    XL:     2   Next: 86%
Magic:  0/5        EV: 12    Int: 17    God:
Gold:   69         SH:  0    Dex: 14    Spells: 1 memorised, 4 levels left

rFire  . . .     SeeInvis +     (no weapon)
rCold  + . .     Gourm    .     a - +0 robe
rNeg   + + .     Faith    .     (no shield)
rPois  +         Spirit   .     (no helmet)
rElec  .         Reflect  .     (no cloak)
rCorr  .         Harm     .     (no gloves)
MR     .....                    n - +0 pair of boots
Stlth  +++.......               (no amulet)
                                (no ring)
                                (no ring)

@: lethally poisoned (0 -> -11), regenerating slowly
A: fangs 3, talons 1, see invisible, unbreathing
a: no special abilities


You were on level 2 of the Dungeon.
You were thirsty.

You visited 1 branch of the dungeon, and saw 2 of its levels.

You collected 69 gold pieces.

Inventory:

Missiles
 m - 17 poisoned needles
Armour
 a - a +0 robe (worn)
 n - a +0 pair of boots (worn)
Scrolls
 d - 5 scrolls of identify {unknown}
 e - a scroll of enchant weapon {unknown}
 f - 2 scrolls of blinking {unknown}
 g - a scroll of magic mapping {unknown}
 j - a scroll of recharging {unknown}
 k - a scroll of fear {unknown}
 l - a scroll of noise {unknown}
Potions
 c - 3 potions of blood
 h - a potion of beneficial mutation
 i - a potion of flight {unknown}
Books
 b - a book of Callings

   Spells                             Type                      Level
   a - Summon Small Mammal            Summoning                    1
   b - Call Imp                       Summoning                    2
   c - Call Canine Familiar           Summoning                    3
   d - Summon Guardian Golem          Hexes/Summoning              3
   e - Summon Lightning Spire         Summoning/Air                4
   f - Summon Ice Beast               Ice/Summoning                4


   Skills:
 + Level 2.1 Dodging
 * Level 3.2 Stealth
 + Level 0.2 Unarmed Combat
 + Level 2.2 Spellcasting
 * Level 4.6 Summonings


You had 4 spell levels left.
You knew the following spells:

 Your Spells              Type           Power        Failure   Level  Hunger
a - Summon Small Mammal   Summ           ###.         2%          1    #......


Dungeon Overview and Level Annotations

Branches:
Dungeon (2/15)

Altars:


Innate Abilities, Weirdness & Mutations

You heal slowly.
You have razor-sharp teeth.
You have supernaturally acute eyesight. (SInv)
You can survive without breathing.
You have sharp toenails.


Message History

The bat hits your rat. What are your orders? t - Shout!
Orders for allies: a - Attack new target. p - Attack previous target. r - Retreat! s - Stop attacking. g - Guard the area. f - Follow me.
Anything else - Cancel.
Gang up on whom?
Press: ? - help, Dir - move target cursor, f/p - adder
Aim: an adder (heavily wounded) Attack!
The bat barely misses your rat. The adder misses you.
The adder barely misses you. The bat closely misses your quokka.
Your rat barely misses the adder.
Your rat closely misses the adder.
Your quokka barely misses the adder.
Your quokka bites the adder but does no damage.
The adder bites you.
* * * LOW HITPOINT WARNING * * *
You are lethally poisoned!
The adder poisons you!
You die...

#...####
############### ##.##
..............# #.#
.########.##..# #.#
.....(....b...# #.#
.########.#...# #.#
.# #.r...# #.# .#
###..##############.#
.#
#.rrS.@...........#
.#
########(.....#####
.# ######.# .# #.#
### .. #.# #.. .# #.#
#.# #.# #.# #.#####
#.# .# #.....# #.#


You could see an adder, a friendly quokka and a friendly rat.

Vanquished Creatures
  A leopard gecko (D:1)
  A rat (D:1)
2 creatures vanquished.

Vanquished Creatures (collateral kills)
  An adder (D:2)
  A worm (D:2)
  2 dart slugs
  A leopard gecko (D:2)
  2 giant cockroaches
  A hobgoblin (D:1)
  6 jackals
  3 bats (D:1)
  A frilled lizard (D:1)
  2 goblins (D:1)
  2 kobolds (D:1)
  A rat (D:2)
23 creatures vanquished.

Grand Total: 25 creatures vanquished

Notes
Turn   | Place    | Note
-------+----------+-------------------------------------------
     0 | D:1      | Malachi the Vampire Summoner began the quest for the Orb.
     0 | D:1      | Reached XP level 1. HP: 13/13 MP: 3/3
   335 | D:1      | Reached XP level 2. HP: 19/19 MP: 0/5
  1791 | D:2      | Gained mutation: You have sharp toenails. [potion of beneficial mutation]
  1803 | D:2      | Succumbed to an adder's poison

Action                   || total
-------------------------++-------
Melee: Unarmed           ||     6
       Bite              ||     1
 Cast: Summon Small Mamm ||    65
  Use: Potion            ||     1
 Stab: Sleeping          ||     1
  Eat: Corpse            ||     2
Armor: Robe              ||    17
Dodge: Dodged            ||    40
